 Dungeon Crawl Stone Soup version 0.22.0-38-g04b72b8c25 (webtiles) character file.

287 MagmaCrab the Skirmisher (level 6, -1/44 HPs)
             Began as a Formicid Chaos Knight on Aug 26, 2018.
             Slain by an orc wizard
             ... wielding a +0 dagger of electrocution
              (11 damage)
             ... on level 3 of the Dungeon.
             The game lasted 00:08:12 (3549 turns).

MagmaCrab the Skirmisher (Formicid Chaos Knight)    Turns: 3549, Time: 00:08:13

Health: -1/44      AC: 10    Str: 16 (17) XL:     6   Next: 56%
Magic:  6/6        EV:  7    Int: 12      God:    Xom [..*...]
Gold:   139        SH:  4    Dex: 11      Spells: 5/5 levels left

rFire    . . .     SeeInvis +   a - +0 falchion (chaos)
rCold    . . .     Gourm    .   d - +0 buckler
rNeg     . . .     Faith    .   r - +0 chain mail
rPois    .         Spirit   .   (helmet unavailable)
rElec    .         Reflect  .   (no cloak)
rCorr    .         Harm     .   (no gloves)
MR       .....                  l - +0 pair of boots
Stlth    ..........             (no amulet)
HPRegen  0.14/turn              (no ring)
MPRegen  0.10/turn              (no ring)

@: no status effects
A: permanent stasis, dig shafts and tunnels, four strong arms, antennae 3,
deterioration 1, frail 1, MP-powered wands
a: Dig, Shaft Self, Renounce Religion


You were on level 3 of the Dungeon.
You worshipped Xom.
You were a toy of Xom.
You were not hungry.

You visited 1 branch of the dungeon, and saw 3 of its levels.
You also visited: Sewer.

You collected 139 gold pieces.

Inventory:

Hand Weapons
 a - a +0 falchion of chaos (weapon)
Missiles
 e - 37 stones (quivered)
 p - 11 bolts
Armour
 b - a +2 leather armour
 d - a +0 buckler (worn)
 l - a +0 pair of boots (worn)
 r - a +0 chain mail (worn)
Jewellery
 g - a cursed ring of teleportation {unknown}
Scrolls
 i - a scroll of remove curse {unknown}
 j - 5 scrolls of identify {unknown}
 n - 2 scrolls of teleportation {unknown}
 o - a scroll of amnesia {unknown}
 q - a scroll of noise {unknown}
 t - a scroll of blinking {unknown}
Potions
 f - a potion of lignification {unknown}
 h - a potion of flight {unknown}
 k - a potion of heal wounds {unknown}
 m - a potion of curing {unknown}
 u - a potion of mutation {unknown}
Comestibles
 c - 7 rations
 s - 2 chunks of flesh


   Skills:
 + Level 4.6 Fighting
 + Level 4.4 Long Blades
 + Level 3.6 Armour
 + Level 2.1 Dodging
 - Level 0.2 Stealth
 + Level 2.2 Shields


You had 5 spell levels left.
You didn't know any spells.
Your spell library was empty.

Dungeon Overview and Level Annotations

Branches:
Dungeon (3/15)

Altars:
Ashenzari
Fedhas
Kikubaaqudgha
Yredelemnul


Innate Abilities, Weirdness & Mutations

You cannot be hasted, slowed, berserked, paralysed or teleported.
You can dig through walls and to a lower floor.
Your four strong arms can wield two-handed weapons with a shield.
You have a pair of large antennae on your head. (SInv)
Your body sometimes deteriorates upon taking damage.
You are frail. (-10% HP)
You expend magic power (3 MP) to strengthen your wands.


Message History

The orc wizard hits you with a dagger of electrocution.
You are electrocuted!
Your body deteriorates!
You feel weakened.
Things that are here:
a hand axe; an orc corpse You closely miss the orc wizard.
The orc wizard is heavily wounded.
The orc wizard hits you but does no damage.
You are electrocuted!
You hit the orc wizard.
The orc wizard is severely wounded.
The orc wizard hits you but does no damage.
You are electrocuted!
* * * LOW HITPOINT WARNING * * *
You barely miss the orc wizard.
The orc wizard is severely wounded.
The orc wizard hits you but does no damage.
You are electrocuted!
You die... "I guess I need a new plaything now."

#.. .... #... ..... #...
..... ... #....# #.#
...... #.##.... .
######....# .#.
#.PP#..†.# #..
#P_P##o@.## { ##.#
##..P#.....#..
####..###...##........#
⌠#......#P.P#.....=...#
_##......[............#
.##.....................
'##....#...#.........##.#
.##...##...#..........#.#
..#.#.#PP.##..........#


You could see an orc wizard.

Vanquished Creatures
  7 adders
  12 oozes (Sewer)
  13 leopard geckos
  5 orcs
  11 ball pythons (Sewer)
  17 giant cockroaches
  7 hobgoblins
  10 jackals
  3 quokkas (D:2)
  4 bats
  9 frilled lizards
  2 goblins (D:1)
  5 kobolds
  6 rats
111 creatures vanquished.

Vanquished Creatures (collateral kills)
  A bullfrog (Sewer)
  An adder (Sewer)
  An ooze (Sewer)
  3 giant cockroaches (Sewer)
  A frilled lizard (Sewer)
7 creatures vanquished.

Grand Total: 118 creatures vanquished

Notes
Turn   | Place    | Note
-------+----------+-------------------------------------------
     0 | D:1      | MagmaCrab the Formicid Chaos Knight began the quest for the Orb.
     0 | D:1      | Reached XP level 1. HP: 18/18 MP: 1/1
   145 | D:1      | XOM: harmless Summ miscast
   200 | D:1      | XOM: harmless Tmut miscast
   219 | D:1      | Reached XP level 2. HP: 19/24 MP: 2/2
   323 | D:1      | XOM: harmless Tloc miscast
   462 | D:1      | Reached XP level 3. HP: 11/30 MP: 3/3
  1032 | D:2      | Reached skill level 1 in Dodging
  1267 | D:2      | XOM: harmless Tmut miscast
  1273 | D:2      | Reached XP level 4. HP: 36/37 MP: 4/4
  1287 | D:2      | XOM is BORED!
  1287 | D:2      | XOM: noise
  1291 | D:2      | XOM: medium Chrm miscast
  2290 | D:3      | Found a glowing drain.
  2303 | D:3      | XOM: snakes to sticks
  2322 | Sewer    | Entered a sewer
  2366 | Sewer    | Reached XP level 5. HP: 33/42 MP: 5/5
  2480 | Sewer    | Reached skill level 1 in Shields
  3053 | Sewer    | Reached XP level 6. HP: 45/49 MP: 6/6
  3263 | Sewer    | XOM: summons friendly white imp
  3309 | Sewer    | XOM: god gift: scroll labeled FYODGH HOVVITU {god gift}
  3450 | D:3      | XOM: give mutations
  3450 | D:3      | Gained mutation: You expend magic power (3 MP) to strengthen your wands. [Xom's mischief]
  3450 | D:3      | Gained mutation: You are frail. (-10% HP) [Xom's mischief]
  3450 | D:3      | Gained mutation: Your body sometimes deteriorates upon taking damage. [Xom's mischief]
  3460 | D:3      | Found a basalt altar of Yredelemnul.
  3460 | D:3      | Found a shattered altar of Ashenzari.
  3467 | D:3      | Found a blossoming altar of Fedhas.
  3469 | D:3      | Found an ancient bone altar of Kikubaaqudgha.
  3543 | D:3      | XOM: confuse monster(s)
  3549 | D:3      | Slain by an orc wizard

Skill      XL: |  1  2  3  4  5  6 |
---------------+-------------------+-----
Dodging        | 1 2 |  2.1
Fighting       | 4 |  4.6
Long Blades    | 4 |  4.4
Armour         | 3 |  3.6
Shields        | 1 2 |  2.2
Stealth        | |  0.2

Action                   |  1- 3 |  4- 6 || total
-------------------------+-------+-------++-------
Melee: Falchion          |    88 |   383 ||   471
 Stab: Paralysed         |     1 |     2 ||     3
  Eat: Chunk             |     1 |     9 ||    10
Armor: Leather armour    |    28 |    14 ||    42
       Chain mail        |       |   267 ||   267
Dodge: Dodged            |    44 |   144 ||   188
Block: Buckler           |     6 |    62 ||    68
       Rpst.: Falchion   |    17 |    47 ||    64
